[Event "*** Titled Tuesday Blitz"]
[Site "Chess.com"]
[Date "2020.03.03"]
[Round "7"]
[White "vladimirdamjanovic"]
[Black "JoakimVonAnd"]
[Result "0-1"]
[WhiteElo "2637"]
[BlackElo "2539"]
[TimeControl "180+1"]
[EndTime "14:15:39 PST"]
[Termination "JoakimVonAnd won by checkmate"]

1. e4 c6 2. d4 d5 3. e5 Bf5 4.
c4 e6 5. Nc3 Ne7 6. Nge2 Nd7 7.
Ng3 Bg6 8. Be3 dxc4 9. Bxc4 Nb6 10. Bb3 Ned5 11. O-O Be7 12. Qe2 O-O 13. Rad1 a5 14. a4 Bb4 15. Bd2 Qe7 16. f4 f5 17.
exf6 Qxf6 18. Qe5 Qxe5 19. dxe5 Rad8 20. Nxd5 Nxd5 21. Bxb4 axb4 22. Bxd5 Rxd5 23. Rxd5 cxd5 24. Rf3 Bc2 25. b3 d4 26. Kf2 d3 27. Ke3 Rc8 28. f5 Kf7 29. Ne4 Rc3 30. f6 d2+ 31. Kxd2 Bxe4 32.
Rxc3 bxc3+ 33. Kxc3 gxf6 34. exf6 Bxg2 35. Kd4 Kxf6 36. b4 e5+ 37. Ke3 Kf5 38. b5 b6 39.
Kf2 Bd5 40. Ke3 Bb3 41. a5 bxa5 42. b6 Bd5 43. Kd3 Bb7 44. Kc4 e4 45. Kc5 e3 46.
Kd6 e2 47. Kc7 Bh1 48. h4 e1=Q 49. h5 Qh4 50. h6 Qxh6 51. Kc8 Qg7 52. Kd8 Qb7 53.
Ke8 a4 54. Kd8 a3 55. Ke8 a2 56. Kf8 a1=Q 57. Kg8 Qaa8# 0-1

[Event "*** Titled Tuesday Blitz"]
[Site "Chess.com"]
[Date "2020.03.03"]
[Round "7"]
[White "Rhinos1"]
[Black "SanchezKelvin"]
[Result "0-1"]
[WhiteElo "2156"]
[BlackElo "2332"]
[TimeControl "180+1"]
[EndTime "14:15:40 PST"]
[Termination "SanchezKelvin won on time"]

1. Nf3 Nf6 2. c4 g6 3. b3 Bg7 4.
Bb2 d6 5. e3 O-O 6. Be2 c5 7.
Nc3 Nc6 8. Qc2 Rb8 9. d4 Bf5 10. Qd1 Nb4 11. O-O a6 12. d5 a5 13. a3 Na6 14.
Bd3 Bxd3 15. Qxd3 Nc7 16. e4 e6 17. dxe6 Nxe6 18. Nb5 Nf4 19. Qc2 Qe7 20. Rfe1 Rfe8 21.
Rad1 Rbd8 22. g3 Ne6 23. e5 dxe5 24. Bxe5 Rxd1 25. Rxd1 Rd8 26. Rd6 Ne8 27. Rxd8 Nxd8 28. Bxg7 Nxg7 29. Qd2 Nc6 30. Qh6 Nf5 31. Qf4 Qd7 32.
g4 Nfd4 33. h3 Nxb3 34. Kg2 Nbd4 35. Ne5 Nxe5 36. Qxe5 Qc6+ 37. Qd5 Qxd5+ 38. cxd5 Nxb5 0-1

[Event "*** Titled Tuesday Blitz"]
[Site "Chess.com"]
[Date "2020.03.03"]
[Round "7"]
[White "Maili15"]
[Black "Zq1"]
[Result "0-1"]
[WhiteElo "2338"]
[BlackElo "2572"]
[TimeControl "180+1"]
[EndTime "14:15:46 PST"]
[Termination "Zq1 won on time"]

1. d4 Nf6 2. c4 a6 3. Nc3 c5 4. d5 b5 5. cxb5 axb5 6. Nxb5 Qa5+ 7. Nc3 Bb7 8. Bd2 Qb6 9. Na4 Qa7 10. b3 Nxd5 11. Rc1 d6 12. e4 Nf6 13. Bb5+ Bc6 14.
Qe2 Bxb5 15. Qxb5+ Qd7 16. Qe2 Qb7 17. f3 g6 18. Nh3 Bg7 19. O-O O-O 20. Nf4 Nc6 21. Bc3 Nd4 22. Qf2 Bh6 23. Bd2 Qa6 24. Nc3 e5 25.
Nfd5 Nxd5 26. exd5 Bg7 27. Be3 f5 28. f4 Rae8 29.
Rfe1 h6 30. fxe5 dxe5 31. Na4 Qd6 32. Rxc5 f4 33. Bd2 e4 34. Bc3 e3 35. Qb2 f3 36.
Bxd4 f2+ 37. Kf1 fxe1=Q+ 38. Kxe1 Qf4 0-1

[Event "*** Titled Tuesday Blitz"]
[Site "Chess.com"]
[Date "2020.03.03"]
[Round "7"]
[White "AnkitGajwa"]
[Black "Pechen_Yeltsina"]
[Result "1-0"]
[WhiteElo "2507"]
[BlackElo "2693"]
[TimeControl "180+1"]
[EndTime "14:15:47 PST"]
[Termination "AnkitGajwa won on time"]

1. e4 g6 2. d4 Bg7 3. Nc3 d6 4. Nf3 a6 5. Be3 Nd7 6. Qd2 b5 7. Bd3 Bb7 8. Ne2 Ngf6 9. Ng3 c5 10. c3 cxd4 11. cxd4 O-O 12. O-O e5 13. d5 Ng4 14. Bg5 Bf6 15. h3 Bxg5 16. Nxg5 Ngf6 17. f4 exf4 18. Qxf4 Qe7 19. Qh4 h5 20. Rf2 Ne5 21.
Be2 Nh7 22. Nxh5 gxh5 23. Rf5 Nxg5 24. Rxg5+ Ng6 25. Rxg6+ fxg6 26. Qxe7 Rf7 27. Qxd6 Kg7 28. Rf1 Rxf1+ 29. Bxf1 Rd8 30. Qe7+ Kh6 31. Qxd8 b4 32. e5 Kg7 33. Bd3 Bxd5 34. Qf6+ Kg8 35. e6 Bxe6 36. Qxe6+ Kg7 37. Bxg6 Kh6 38. h4 Kg7 39. Qf7+ 1-0

[Event "*** Titled Tuesday Blitz"]
[Site "Chess.com"]
[Date "2020.03.03"]
[Round "7"]
[White "GM_dmitrij"]
[Black "farzadbfd"]
[Result "1-0"]
[WhiteElo "2820"]
[BlackElo "2631"]
[TimeControl "180+1"]
[EndTime "14:15:48 PST"]
[Termination "GM_dmitrij won by checkmate"]

1. e4 c6 2. d4 d5 3. e5 Bf5 4.
h4 h5 5. Bd3 Bxd3 6. Qxd3 e6 7.
Bg5 Qa5+ 8. Nd2 Qa6 9. c4 Be7 10.
Ngf3 Nd7 11. O-O Nh6 12. Rfc1 Nf5 13. Bxe7 Nxe7 14. Qe3 Nf5 15. Qf4 Nb6 16. b3 Rd8 17. a4 Qa5 18. c5 Nd7 19. Nf1 Qc7 20. Ne3 g6 21. b4 Nf8 22. b5 Nxe3 23. fxe3 Nh7 24.
Ng5 O-O 25. Rf1 Qe7 26. Nxh7 Kxh7 27. Qg3 Rd7 28. Rf6 Qd8 29. Qg5 Kg7 30. Raf1 a6 31. b6 Qe8 32. R1f4 Rh8 33. g4 hxg4 34. Rxg4 Kf8 35.
Qxg6 Ke7 36. Rxe6+ fxe6 37. Qf6# 1-0

[Event "*** Titled Tuesday Blitz"]
[Site "Chess.com"]
[Date "2020.03.03"]
[Round "7"]
[White "Everyfishknows"]
[Black "NTBT_DHS"]
[Result "0-1"]
[WhiteElo "2408"]
[BlackElo "2676"]
[TimeControl "180+1"]
[EndTime "14:15:48 PST"]
[Termination "NTBT_DHS won on time"]

1. d4 Nf6 2. c4 g6 3. Nc3 Bg7 4. e4 O-O 5. Nf3 d6 6. Be2 e5 7. O-O Nc6 8. Be3 Ng4 9. Bg5 f6 10. Bc1 h5 11. d5 Ne7 12. h3 Nh6 13. Be3 f5 14. exf5 Nexf5 15. Bg5 Qe8 16. Ne4 Bd7 17.
Qd2 Kh8 18. Rae1 Ng8 19. Bd3 Qf7 20. Qc2 Nf6 21. Bd2 Nxe4 22. Bxe4 Rae8 23. Ng5 Qf6 24. Qd3 Bh6 25. Nf3 Bxd2 26. Qxd2 Kg7 27. Ng5 Nd4 28. Nf3 Nxf3+ 29. Bxf3 Bxh3 30. Bxh5 Bf5 31. Bf3 Rh8 32. g3 Bh3 33. Bg2 Qf5 0-1

[Event "*** Titled Tuesday Blitz"]
[Site "Chess.com"]
[Date "2020.03.03"]
[Round "7"]
[White "Mikhail_Golubev"]
[Black "cottage_cheese"]
[Result "1-0"]
[WhiteElo "2497"]
[BlackElo "2339"]
[TimeControl "180+1"]
[EndTime "14:15:48 PST"]
[Termination "Mikhail_Golubev won by resignation"]

1. e4 e6 2. d4 d5 3. Nc3 Nf6 4. Bg5 dxe4 5. Nxe4 Be7 6. Bxf6 gxf6 7. Qd3 b6 8. O-O-O Bb7 9. Nf3 f5 10. Nc3 Nc6 11. d5 Nb4 12. Qd4 O-O 13. dxe6 Qxd4 14. exf7+ Rxf7 15. Nxd4 Rd8 16. Bc4 Nd5 17. Nf3 c6 18.
Ne5 Bg5+ 19. Kb1 Rc7 20. Nxc6 Bxc6 21. Nxd5 Bxd5 22. Rxd5 Rxd5 23. Bxd5+ Kg7 24. Re1 Bf4 25. g3 Bg5 26. f4 Bf6 27. Be6 Rc5 28. Kc1 h5 29. h4 Bd4 30. c3 Bf2 31. Re2 Bxg3 32. Rg2 Kf6 33. Rxg3 Kxe6 34. Rg5 Rd5 35. Rxh5 Rd3 36.
Rh7 Rf3 37. Rxa7 Rxf4 38. Rb7 Rxh4 39. Rxb6+ Ke5 40. Rb5+ Ke4 41. Rb4+ 1-0

[Event "*** Titled Tuesday Blitz"]
[Site "Chess.com"]
[Date "2020.03.03"]
[Round "7"]
[White "Galiev_Azat"]
[Black "Gogolev_Artemy"]
[Result "0-1"]
[WhiteElo "2266"]
[BlackElo "2458"]
[TimeControl "180+1"]
[EndTime "14:15:48 PST"]
[Termination "Gogolev_Artemy won on time"]

1. d4 Nf6 2. Bf4 g6 3. e3 Bg7 4. Nf3 d6 5. h3 O-O 6. Be2 c5 7. O-O Qb6 8. Nc3 cxd4 9. exd4 Nc6 10. d5 Qxb2 11. Qd2 Nh5 12. Nb5 Nxf4 13. Qxf4 Ne5 14. Rab1 Qxc2 15. Nfd4 Qxa2 16. Ra1 Qxd5 17. Nc7 g5 18.
Qd2 Nc4 19. Bxc4 Qxc4 20. Nxa8 Qxd4 21. Qxd4 Bxd4 22. Rac1 Bc5 23. Rfd1 Bxh3 24. Nc7 Bg4 25. Nd5 Bxd1 26. Nxe7+ Kg7 27. Rxd1 Re8 28. Nf5+ Kf6 29.
g4 Re2 30. Nxd6 Bxd6 31. Rxd6+ Re6 32. Rd7 Rb6 33. Rd8 a5 34. Kg2 a4 35. Rd4 a3 36. Ra4 Ra6 37. Rb4 a2 38. Rxb7 a1=Q 0-1

[Event "*** Titled Tuesday Blitz"]
[Site "Chess.com"]
[Date "2020.03.03"]
[Round "7"]
[White "goldenspine"]
[Black "davserr65"]
[Result "0-1"]
[WhiteElo "2333"]
[BlackElo "2097"]
[TimeControl "180+1"]
[EndTime "14:15:52 PST"]
[Termination "davserr65 won on time"]

1. d4 Nf6 2. c4 g6 3. Nc3 d5 4.
cxd5 Nxd5 5. e4 Nb6 6. a4 a5 7. Be3 Bg7 8. h3 O-O 9. Nf3 Nc6 10. Be2 f5 11. Qb3+ Kh8 12. d5 Nb4 13. exf5 Bxf5 14. O-O N4xd5 15. Rad1 c6 16. Ng5 h6 17. Nge4 Qc7 18. Bd4 e5 19. Bc5 Rfd8 20. Nd6 Nxc3 21. bxc3 Nd5 22. c4 Nf4 23. Bf3 Rdb8 24. Bb6 Qe7 25.
c5 Kh7 26. Qe3 g5 27. Rfe1 Bg6 28. Bg4 Rf8 29. Nc4 Qf6 30. Rd6 Qf7 31. Rd7 Qxc4 32. Qxe5 Rf7 33. Rxf7 Qxf7 34. g3 Bxe5 0-1

[Event "*** Titled Tuesday Blitz"]
[Site "Chess.com"]
[Date "2020.03.03"]
[Round "7"]
[White "denizozen"]
[Black "Konavets"]
[Result "0-1"]
[WhiteElo "2842"]
[BlackElo "3025"]
[TimeControl "180+1"]
[EndTime "14:15:53 PST"]
[Termination "Konavets won by checkmate"]

1. e4 e5 2. Nc3 Nc6 3. Nf3 Bc5 4. Nxe5 Bxf2+ 5. Kxf2 Nxe5 6. d4 Ng6 7. Bc4 d6 8. Rf1 Be6 9. Bxe6 fxe6 10. Kg1 Nf6 11. Bg5 O-O 12. Qe2 h6 13. Be3 e5 14. Rad1 exd4 15. Bxd4 Kh7 16. e5 Re8 17. Qb5 Nxe5 18. Qxb7 Rb8 19. Qxa7 Rxb2 20. Nd5 Rxc2 21. Nxf6+ gxf6 22. Qb7 Nc6 23. Bf2 Ree2 24. a4 Qd7 25. Rde1 Nd4 26. Bxd4 Rxg2+ 27. Qxg2 Rxg2+ 28. Kxg2 Qg4+ 29. Kh1 Qxd4 30. Ra1 Qd5+ 31. Kg1 Qa5 32. Rfb1 c6 33. Rb7+ Kg6 34. Rb2 h5 35. Rg2+ Kf7 36. Rf2 d5 37. Raf1 Qxa4 38. Rxf6+ Ke7 39. R6f2 Qg4+ 40. Rg2 Qd4+ 41.
Kh1 Kd6 42. Rg6+ Kc7 43. Rf7+ Kb6 44. Rff6 Qe4+ 45. Kg1 d4 46. Re6 Qb1+ 47. Kf2 Qc2+ 48. Ke1 h4 49. h3 Kb5 50. Re5+ Kb4 51. Rgg5 c5 52. Rd5 d3 53. Rxc5 Qe2# 0-1

[Event "*** Titled Tuesday Blitz"]
[Site "Chess.com"]
[Date "2020.03.03"]
[Round "7"]
[White "hansen"]
[Black "SantoBlue"]
[Result "1-0"]
[WhiteElo "2925"]
[BlackElo "2778"]
[TimeControl "180+1"]
[EndTime "14:15:53 PST"]
[Termination "hansen won on time"]

1. e4 e5 2. Nf3 Nc6 3. Bb5 a6 4. Ba4 Nf6 5. O-O b5 6. Bb3 Be7 7. Re1 O-O 8. h3 Bb7 9. d3 d5 10. exd5 Nxd5 11. a4 Nd4 12. Nxd4 exd4 13. Nd2 Bb4 14. Rf1 Qf6 15. Ne4 Qc6 16. axb5 axb5 17. Rxa8 Bxa8 18. Qf3 Kh8 19. Ng3 f5 20. Ne2 Qc5 21.
Qg3 Qb6 22. Bf4 Nxf4 23. Nxf4 Qh6 24. Ne6 Bd6 25. f4 Rf6 26. Ng5 Qg6 27. Nf7+ Rxf7 28. Qxg6 hxg6 29. Bxf7 Kh7 30. h4 Bc6 31. g3 Kh6 32.
Re1 Bf3 33. Kf2 Bg4 34. Re6 Bh5 35. Re8 1-0

[Event "*** Titled Tuesday Blitz"]
[Site "Chess.com"]
[Date "2020.03.03"]
[Round "7"]
[White "saikrishnaReturns"]
[Black "Shant_Sargsyan"]
[Result "1-0"]
[WhiteElo "2660"]
[BlackElo "2965"]
[TimeControl "180+1"]
[EndTime "14:15:53 PST"]
[Termination "saikrishnaReturns won by resignation"]

1. e4 a6 2. d4 e6 3. Nc3 d5 4.
Nf3 Nf6 5. Bg5 Be7 6. e5 Nfd7 7. h4 c5 8. Ne2 Nc6 9. c3 b5 10. Nf4 c4 11. Nh5 Rg8 12. Qc2 g6 13. Nf4 Bb7 14. Bxe7 Qxe7 15. h5 O-O-O 16. hxg6 hxg6 17. a4 Rh8 18. Rxh8 Rxh8 19. axb5 axb5 20. b3 g5 21. Ne2 g4 22. Nd2 Nb6 23. bxc4 Nxc4 24. Ng3 Kc7 25. Nb3 f6 26. exf6 Qxf6 27. Bxc4 dxc4 28. Nc5 e5 29. d5 Nd4 30. cxd4 exd4 31. Ra7 Qe7+ 32. Nge4 Rh1+ 33.
Kd2 Qe5 34. Rxb7+ Kc8 35. Rf7 g3 36. Nd6+ Qxd6 37. Qf5+ Kb8 38. Rb7+ 1-0

[Event "*** Titled Tuesday Blitz"]
[Site "Chess.com"]
[Date "2020.03.03"]
[Round "7"]
[White "Playgood28"]
[Black "chesstatour"]
[Result "1/2-1/2"]
[WhiteElo "2238"]
[BlackElo "2058"]
[TimeControl "180+1"]
[EndTime "14:15:55 PST"]
[Termination "Game drawn by agreement"]

1. d4 Nf6 2. c4 c5 3. d5 b5 4. Qc2 d6 5. e4 g6 6. h3 Bg7 7. Nf3 O-O 8. Bd3 Nbd7 9. O-O Nb6 10.
cxb5 a6 11. Na3 Bb7 12. Be3 axb5 13. Nxb5 Rb8 14. a4 Ba6 15. Nd2 Nfd7 16. Nc4 Bxb5 17. axb5 Nxc4 18. Bxc4 Nb6 19. Ra6 Qd7 20. b3 Rb7 21. Re1 Na8 22. Bf4 Nc7 23. Ra5 Nxb5 24. Bxb5 Rxb5 25. Rxb5 Qxb5 26. e5 dxe5 27. Bxe5 Bxe5 28.
Rxe5 Rb8 29. Rxe7 Qxb3 30. Qxc5 Rd8 31. d6 Qd1+ 32. Kh2 Qxd6+ 33. Qxd6 Rxd6 1/2-1/2

[Event "*** Titled Tuesday Blitz"]
[Site "Chess.com"]
[Date "2020.03.03"]
[Round "7"]
[White "MartinCerveny"]
[Black "MatthewG-p4p"]
[Result "1-0"]
[WhiteElo "2633"]
[BlackElo "2774"]
[TimeControl "180+1"]
[EndTime "14:15:57 PST"]
[Termination "MartinCerveny won by resignation"]

1. d4 Nf6 2. c4 c5 3. d5 e6 4. Nc3 exd5 5. cxd5 d6 6. e4 g6 7. h3 Bg7 8. Nf3 O-O 9. Bd3 b5 10.
Nxb5 Re8 11. O-O Nxe4 12. Re1 a6 13. Nc3 Nxc3 14. bxc3 Rxe1+ 15. Qxe1 Nd7 16. Rb1 Nf6 17. c4 Bd7 18. Bf4 Qc7 19. Qe7 Ne8 20. Ng5 f6 21.
Qf7+ Kh8 22. Nxh7 Bf5 23. Qxc7 Nxc7 24. Bxf5 gxf5 25. Bxd6 Rc8 26. Rb7 Ne8 27. Be7 Kxh7 28. d6 Nxd6 29. Bxd6 Kg6 30. g3 Rd8 31. Rb6 a5 32. Kg2 f4 33. g4 a4 34. Bxc5 Rc8 35.
Rb5 Kf7 36. Kf3 Rh8 37. Rb7+ Kg6 38. Kg2 Rc8 39. Rb5 Rh8 40. Bd6 f3+ 41. Kg3 Re8 42. h4 Re2 43. h5+ Kf7 44. Rb7+ Kg8 45. c5 Rc2 46. a3 Rc3 47. Kf4 Rc4+ 48. Kf5 Kh8 49.
Rc7 Bh6 50. Kg6 1-0

[Event "*** Titled Tuesday Blitz"]
[Site "Chess.com"]
[Date "2020.03.03"]
[Round "7"]
[White "Fy_Rakotomaharo"]
[Black "temus_galaktionov"]
[Result "1-0"]
[WhiteElo "2577"]
[BlackElo "2736"]
[TimeControl "180+1"]
[EndTime "14:15:58 PST"]
[Termination "Fy_Rakotomaharo won on time"]

1. d4 c6 2. c4 g6 3. e4 Bg7 4. Nc3 d6 5. Nf3 Nd7 6. Be2 e5 7. O-O Ngf6 8. Re1 O-O 9. Bf1 Re8 10. h3 a5 11. g3 b6 12. Bg2 Bb7 13. Bg5 h6 14. Be3 Qc7 15. Qd2 Kh7 16. Rad1 Rad8 17. Qc2 exd4 18. Nxd4 Nc5 19. b3 Re7 20. Bf4 Nh5 21.
Bc1 Rde8 22. g4 Nf6 23. Bf4 Nfd7 24. Ndb5 cxb5 25. Nxb5 Qc6 26. Nxd6 Ne6 27. Be3 g5 28. e5+ Kg8 29. Bxc6 Bxc6 30. Nxe8 Rxe8 31. Rxd7 Bxd7 32. Bxb6 Nf4 33. Qc3 h5 34. Kh2 hxg4 35. hxg4 Bxg4 36. Qg3 Bxe5 37. Rxe5 Rxe5 38. Qxg4 Ne6 39. Be3 1-0

[Event "*** Titled Tuesday Blitz"]
[Site "Chess.com"]
[Date "2020.03.03"]
[Round "7"]
[White "Sashadav97"]
[Black "rogapa"]
[Result "0-1"]
[WhiteElo "2559"]
[BlackElo "2736"]
[TimeControl "180+1"]
[EndTime "14:15:59 PST"]
[Termination "rogapa won by resignation"]

1. d4 Nf6 2. c4 g6 3. Nc3 Bg7 4. e4 O-O 5. Nf3 d6 6. Be2 e5 7. d5 a5 8. Bg5 Na6 9. Nd2 Qe8 10. g4 Nd7 11. h4 Ndc5 12. h5 Bd7 13. a3 c6 14. Be3 cxd5 15. Nxd5 Ba4 16. b3 Bc6 17. Qc2 Bxd5 18. exd5 e4 19. Rb1 Qe5 20. b4 axb4 21.
axb4 Nd3+ 22. Bxd3 exd3 23. Qxd3 f5 24. Kf1 fxg4 25. hxg6 Rae8 26. gxh7+ Kh8 27. Bb6 g3 28. Rg1 Nxb4 29. Qxg3 Qe2+ 30. Kg2 Qxd2 31. Rxb4 Qxb4 32. Kh1 Qb2 33. Be3 Qe5 34. Qh4 Qe4+ 35. Qxe4 Rxe4 36.
Rb1 Rh4+ 37. Kg2 Rg4+ 38. Kh3 Rg6 39. Rxb7 Rf5 40. Rb8+ Kxh7 0-1

[Event "*** Titled Tuesday Blitz"]
[Site "Chess.com"]
[Date "2020.03.03"]
[Round "7"]
[White "LogoCzar"]
[Black "Lovkov_Roman"]
[Result "0-1"]
[WhiteElo "2502"]
[BlackElo "2696"]
[TimeControl "180+1"]
[EndTime "14:16:00 PST"]
[Termination "Lovkov_Roman won on time"]

1. e4 c5 2. Nf3 e6 3. d4 cxd4 4. Nxd4 a6 5. c4 Nf6 6. Nc3 Qc7 7. a3 Nxe4 8. Nxe4 Qe5 9. Be2 Qxe4 10. O-O Nc6 11. Be3 Be7 12. Qd2 O-O 13. Bd3 Qh4 14. Nf3 Qh5 15. c5 Bxc5 16. Bxh7+ Qxh7 17. Bxc5 Rd8 18. Qd6 b5 19. Rfd1 Qf5 20. Rac1 Re8 21. Qc7 e5 22.
Bd6 e4 23. Nd4 Nxd4 24. Rxd4 Qg5 25. Re1 Qg6 26. Be7 d5 27. Rxd5 Bf5 28. Qe5 Be6 29. Qc7 Bxd5 30. Bb4 Rac8 31. Qf4 e3 32. f3 Rc2 33. g3 Qf6 0-1

[Event "*** Titled Tuesday Blitz"]
[Site "Chess.com"]
[Date "2020.03.03"]
[Round "7"]
[White "Karacsonyi_Gellert"]
[Black "kasparicy"]
[Result "1-0"]
[WhiteElo "2590"]
[BlackElo "2366"]
[TimeControl "180+1"]
[EndTime "14:16:00 PST"]
[Termination "Karacsonyi_Gellert won by resignation"]

1. e4 c5 2. Nf3 d6 3. d4 cxd4 4. Nxd4 Nf6 5. Nc3 a6 6. Bc4 e6 7. O-O Nbd7 8. Bxe6 fxe6 9. Nxe6 Qa5 10. Nd5 Nxd5 11.
exd5 Kf7 12. Qh5+ Kg8 13. Qe8 Qxd5 14. Nc7 Nf6 15. Qe3 Qc6 16. Nxa8 d5 17. Nb6 Bg4 18.
Qb3 Be6 19. Re1 Bf7 20. c4 dxc4 21. Qe3 Bc5 22. Qg3 Qxb6 23. Bh6 Bxf2+ 24. Qxf2 Qxf2+ 25. Kxf2 gxh6 26. Re7 b5 27. Rd1 Kg7 28. Rd6 Re8 29. Rxe8 Bxe8 30. Rxa6 Kg6 31. Ra8 Kf5 32. h3 Bd7 33.
Rd8 Ke4 34. Ke2 b4 35. Rf8 Nd5 36. Rf7 Bf5 37. g4 Bg6 38. Rf8 Kd4 39. Rd8 Bb1 40.
a4 bxa3 41. bxa3 c3 42. a4 Bd3+ 43. Kd1 Bc4 44. a5 Kd3 45. a6 c2+ 46. Kc1 Kc3 47.
a7 Nb6 48. a8=Q Nxa8 49. Rxa8 Bf1 50. h4 Be2 51. g5 hxg5 52. hxg5 Kd4 53. Kxc2 Ke5 54.
Re8+ Kf5 55. Rxe2 Kxg5 56. Rg2+ 1-0

[Event "*** Titled Tuesday Blitz"]
[Site "Chess.com"]
[Date "2020.03.03"]
[Round "7"]
[White "riconaipe"]
[Black "isla88"]
[Result "1-0"]
[WhiteElo "2555"]
[BlackElo "2326"]
[TimeControl "180+1"]
[EndTime "14:16:00 PST"]
[Termination "riconaipe won on time"]

1. e4 c5 2. Nf3 Nc6 3. b3 e5 4.
Bb2 d6 5. Bc4 g6 6. O-O Bg7 7.
c3 Nf6 8. d4 Nxe4 9. Bd5 Ng5 10. Bxc6+ bxc6 11. dxe5 Nxf3+ 12. Qxf3 Bxe5 13. Nd2 O-O 14. Nc4 Bg7 15. Qxc6 Be6 16. Nxd6 Qg5 17. Ne4 Qf4 18.
Ng3 Rac8 19. Qe4 Qd2 20. Qe2 Bxc3 21. Qxd2 Bxd2 22. Ne4 Rfd8 23. Rfd1 Bf4 24. Nxc5 Rxd1+ 25. Rxd1 Bf5 26. g3 Bh6 27. Nd7 Rc2 28. Nf6+ Kf8 29.
Ba3+ Kg7 30. Ne8+ Kg8 31. Rd8 Bg5 32. Rb8 Rxa2 33. Bc5 Bh3 34. Bd4 f6 35. Nxf6+ Kf7 36. Ne4 1-0

[Event "*** Titled Tuesday Blitz"]
[Site "Chess.com"]
[Date "2020.03.03"]
[Round "7"]
[White "Alopekos"]
[Black "DanielDardha2005"]
[Result "1-0"]
[WhiteElo "2442"]
[BlackElo "2643"]
[TimeControl "180+1"]
[EndTime "14:16:01 PST"]
[Termination "Alopekos won by checkmate"]

1. e4 c5 2. Nc3 a6 3. Nge2 b5 4. d4 cxd4 5. Nxd4 e6 6. Bd3 Qc7 7. O-O Nf6 8. Qe2 d6 9. a4 b4 10.
Na2 Qb7 11. Bd2 a5 12. c3 bxc3 13. bxc3 Be7 14. Rab1 Qc7 15. Nb5 Qd8 16. f4 O-O 17. e5 Ne8 18. Qe4 f5 19. exf6 Nxf6 20. Qxa8 Qb6+ 21. Nd4 Qc5 22. Rb5 Qa3 23. Rxb8 Qxa2 24. Be1 Bd7 25. Rxf8+ Bxf8 26. Bb5 e5 27. Bxd7 exd4 28.
Bb5 d3 29. Qc6 Qe2 30. Qc4+ d5 31. Qxd3 Bc5+ 32. Kh1 Qe6 33. Bf2 Bxf2 34. Rxf2 Ne4 35.
Rf1 Kh8 36. c4 d4 37. Qxd4 h6 38. c5 Nf6 39. Qd8+ Kh7 40. Bd3+ g6 41. f5 Qe3 42. fxg6+ Kg7 43. Qxf6+ Kg8 44. Qf8# 1-0

[Event "*** Titled Tuesday Blitz"]
[Site "Chess.com"]
[Date "2020.03.03"]
[Round "7"]
[White "VFernandezB"]
[Black "TheBigBadChessDad"]
[Result "1-0"]
[WhiteElo "2261"]
[BlackElo "2302"]
[TimeControl "180+1"]
[EndTime "14:16:02 PST"]
[Termination "VFernandezB won on time"]

1. e4 e5 2. Nf3 Nc6 3. Bc4 Bc5 4. b4 Bxb4 5. c3 Be7 6. d4 Na5 7. Bd3 d6 8. O-O Nc6 9. Nbd2 Nf6 10. h3 O-O 11. Re1 Re8 12. d5 Nb8 13. Nf1 Bf8 14.
Ng3 g6 15. Be3 h6 16. Qd2 Kh7 17. Nh2 Nbd7 18. Ng4 Nxg4 19. hxg4 Nc5 20. f3 Nxd3 21. Qxd3 Be7 22. Qd2 Bg5 23. Kf2 Kg7 24. Rh1 Bxe3+ 25. Qxe3 Qg5 26. Qxg5 hxg5 27. c4 b6 28. Rab1 a5 29.
Nf1 Ba6 30. Ne3 Rh8 31. a4 Rxh1 32. Rxh1 Rh8 33. Rxh8 Kxh8 34. Ke2 Bc8 35. Kd3 Bd7 36. Nd1 Bxa4 37. Nc3 Bd7 38. Nb5 Bxb5 39. cxb5 Kg7 40. Kc4 f5 41. Kb3 Kf6 42. Kc4 fxg4 43. fxg4 Ke7 44.
Kb3 Kd7 45. Kc4 Kc8 46. Kb3 Kd7 47. Kc4 Ke7 48. Kb3 Kd8 49. Kc4 c6 50. dxc6 Kc7 51.
Kc3 d5 52. exd5 e4 53. Kd4 a4 54. Ke5 e3 55. d6+ Kd8 56. d7 1-0

[Event "*** Titled Tuesday Blitz"]
[Site "Chess.com"]
[Date "2020.03.03"]
[Round "7"]
[White "dopolian"]
[Black "Fuerza777"]
[Result "1-0"]
[WhiteElo "2377"]
[BlackElo "2207"]
[TimeControl "180+1"]
[EndTime "14:16:04 PST"]
[Termination "dopolian won by checkmate"]

1. e4 e5 2. Nf3 Nc6 3. Bb5 a6 4. Ba4 Nf6 5. O-O Be7 6. Re1 b5 7.
Bb3 d6 8. c3 O-O 9. h3 Na5 10.
Bc2 c5 11. d4 Qc7 12. Nbd2 cxd4 13. cxd4 Nc6 14. d5 Nb4 15. Bb1 a5 16. a3 Na6 17.
Nf1 Bd7 18. Be3 Rfc8 19. Ng3 Qb7 20. Nh2 Bd8 21. Ng4 Nxg4 22. hxg4 g6 23. g5 Bb6 24.
Qf3 Nc5 25. Bc2 a4 26. Rac1 Ba5 27. Red1 b4 28. axb4 Qxb4 29. Rb1 Nb3 30. Bd3 Nd4 31. Bxd4 exd4 32. Nf5 gxf5 33. exf5 Bd8 34. f6 Bb5 35. Bxh7+ Kf8 36. Qh3 Be2 37. Re1 d3 38. Bxd3 Ke8 39.
Rxe2+ Kf8 40. Qh8# 1-0

[Event "*** Titled Tuesday Blitz"]
[Site "Chess.com"]
[Date "2020.03.03"]
[Round "7"]
[White "dlp300"]
[Black "superstructure"]
[Result "0-1"]
[WhiteElo "2637"]
[BlackElo "2440"]
[TimeControl "180+1"]
[EndTime "14:16:05 PST"]
[Termination "superstructure won by checkmate"]

1. e4 e5 2. Nf3 d6 3. d4 exd4 4. Nxd4 Nf6 5. Nc3 Be7 6. Bc4 O-O 7. O-O Re8 8. Re1 Bf8 9. a4 c6 10. a5 Qc7 11. Bf4 Nbd7 12. Bf1 h6 13. Qd2 Ne5 14.
f3 Bd7 15. Nb3 b5 16. axb6 axb6 17. Rad1 b5 18. Nd4 b4 19. Nb1 c5 20. Nb3 Ra2 21.
Qc1 Be6 22. N1d2 Rea8 23. Bxe5 dxe5 24. Bc4 Qc8 25. Kh1 Bxc4 26. Nxc4 Qe6 27. Nbd2 h5 28.
b3 g6 29. Nf1 Kh7 30. Nfe3 Bh6 31. Rd3 h4 32. Qd1 Bxe3 33. Rdxe3 Nh5 34. Rd3 Nf4 35. Rd6 Qe8 36. h3 Qe7 37. Rd7 Qf6 38. Qd2 Ra1 39. Rxa1 Rxa1+ 40. Kh2 Qg5 41. Rxf7+ Kg8 42. Rxf4 Qg3# 0-1

[Event "*** Titled Tuesday Blitz"]
[Site "Chess.com"]
[Date "2020.03.03"]
[Round "7"]
[White "elisak43"]
[Black "Sordis"]
[Result "0-1"]
[WhiteElo "2502"]
[BlackElo "2365"]
[TimeControl "180+1"]
[EndTime "14:16:05 PST"]
[Termination "Sordis won on time"]

1. e4 c6 2. Nc3 d5 3. e5 Bf5 4. f4 h5 5. Nf3 Bg4 6. d4 e6 7. Bd3 g6 8. h3 Bxf3 9. Qxf3 h4 10. Be3 Nh6 11. O-O-O Nf5 12. Bf2 Be7 13. Ne2 a6 14. g4 hxg3 15. Nxg3 Nh4 16. Qg4 Nd7 17.
Nf1 Nf5 18. Ne3 Bh4 19. Nxf5 Bxf2 20. Nd6+ Kf8 21. Rdf1 Be3+ 22. Kb1 Qh4 23. Qg2 Bxd4 24. Nxf7 Kxf7 25. Qxg6+ Ke7 26. f5 exf5 27. Qd6+ Kd8 28. e6 Qe7 29. Qxd7+ Qxd7 30. exd7 Kxd7 31. Bxf5+ Kd6 32.
c3 Be5 33. h4 Raf8 34. h5 Bg7 35. Kc2 Bh6 36. Bg6 Ke7 37. Re1+ Kd6 38. Rhf1 Rxf1 39.
Rxf1 Rf8 40. Re1 Rf2+ 41. Kb3 c5 42. c4 dxc4+ 43. Kxc4 b5+ 44. Kb3 c4+ 45. Kb4 Rxb2+ 46. Ka5 Rxa2+ 47. Kb6 c3 48. Rd1+ Ke5 49. Re1+ Kf4 50.
Rf1+ Ke3 51. Re1+ Kd2 52. Rc1 Kxc1 0-1

[Event "*** Titled Tuesday Blitz"]
[Site "Chess.com"]
[Date "2020.03.03"]
[Round "7"]
[White "MiroMiljkovic"]
[Black "Maikrosoft63"]
[Result "1-0"]
[WhiteElo "2577"]
[BlackElo "2566"]
[TimeControl "180+1"]
[EndTime "14:16:08 PST"]
[Termination "MiroMiljkovic won on time"]

1. d4 Nf6 2. c4 e6 3. Nc3 Bb4 4. Qc2 O-O 5. e4 d6 6. a3 Bxc3+ 7. bxc3 h6 8. Bd3 e5 9. Ne2 b6 10. O-O Nc6 11. f4 Ba6 12. Rf3 Na5 13. Ng3 Bxc4 14.
fxe5 dxe5 15. Nf5 Kh7 16. Rh3 Ng8 17. Rg3 g6 18. Nxh6 Nxh6 19. Rh3 Rh8 20. Bxh6 Kg8 21. Rf1 exd4 22. Qf2 Qe7 23. Bxc4 Nxc4 24. Bg5 Rxh3 25.
Bxe7 Rh7 26. Qxd4 b5 27. e5 Re8 28. Bf6 Rh5 29. Qd5 Ne3 30. Qxb5 Rf8 31. Rf3 Ng4 32. Qc4 1-0